 Dungeon Crawl Stone Soup version 0.27-a0-277-g024f7ef292 (webtiles) character file.

Game seed: 14915071909667794611

3509 Anonimiaus the Covert (level 10, -1/72 HPs)
             Began as an Octopode Brigand on Feb 6, 2021.
             Was a Follower of Uskayaw.
             Engulfed by a cloud of flame (19 damage)
             ... on level 7 of the Dungeon.
             The game lasted 00:22:05 (8025 turns).

Anonimiaus the Covert (Octopode Brigand)            Turns: 8025, Time: 00:22:05

Health: -1/72      AC:  1    Str: 11    XL:     10   Next: 7%
Magic:  14/14      EV: 18    Int: 14    God:    Uskayaw [*.....]
Gold:   241        SH:  5    Dex: 16    Spells: 9/9 levels left

rFire    + . .     SeeInvis .   C - +2 falchion (elec)
rCold    . . .     Faith    .   (no shield)
rNeg     . . .     Spirit   .   (helmet restricted)
rPois    .         Reflect  +   l - amulet of reflection
rElec    .         Harm     .   w - ring of protection from fire
rCorr    .         Rampage  .   (no ring)
Will     .....                  (no ring)
Stlth    ++++++....             (no ring)
HPRegen  0.22/turn              (no ring)
MPRegen  0.14/turn              (no ring)
                                (no ring)
                                (no ring)

@: about to teleport
A: almost no armour, stealthy swim, amphibious, 8 rings, constrict 8, camouflage
1, gelatinous body 1
a: Renounce Religion, Stomp


You were on level 7 of the Dungeon.
You worshipped Uskayaw.
Uskayaw was noncommittal.
You visited 2 branches of the dungeon, and saw 10 of its levels.
You also visited: Sewer.

You collected 241 gold pieces.

Inventory:

Hand Weapons
 i - a +2 dagger of venom
 C - a +2 falchion of electrocution (weapon)
Missiles
 a - 5 javelins
 b - 26 poisoned darts (quivered)
 c - 2 curare-tipped darts
 y - 2 silver boomerangs
Jewellery
 l - an amulet of reflection (around mantle)
 w - a ring of protection from fire (left tentacle)
Wands
 x - a wand of mindburst (15)
Scrolls
 f - 2 scrolls of identify
 g - a scroll of magic mapping
 h - 2 scrolls of enchant armour
 j - a scroll of enchant weapon {unknown}
 k - 2 scrolls of immolation
 m - 2 scrolls of fog {unknown}
 n - a scroll of remove curse {unknown}
 o - a scroll of noise {unknown}
 p - 2 scrolls of teleportation
 q - a scroll of blinking {unknown}
 v - 3 scrolls of amnesia {unknown}
Potions
 d - 2 potions of heal wounds
 e - a potion of resistance
 r - 2 potions of flight
 s - 2 potions of invisibility
 t - 3 potions of might
 u - a potion of mutation
 z - a potion of attraction {unknown}
 B - a potion of haste {unknown}


   Skills:
 + Level 8.2 Fighting
 - Level 2.0 Short Blades
 - Level 2.0 Throwing
 + Level 8.0 Dodging
 + Level 12.1 Stealth
 + Level 5.6 Invocations
 - Level 7.0 Evocations


You had 9 spell levels left.
You didn't know any spells.
Your spell library was empty.

Dungeon Overview and Level Annotations

Branches:
Dungeon (9/15)             Temple (1/1) D:6           Sewer (visited)
   Lair: D:8-11         Orc: D:9-12

Altars:
Ashenzari
Cheibriados
Dithmenos
Fedhas
Gozag
Hepliaklqana
Kikubaaqudgha
Makhleb
Okawaru
Qazlal
Ru
Sif Muna
Trog
Uskayaw
Vehumet
Wu Jian
Xom
Zin
The Shining One

Annotations:
D:8 1 runed translucent door, Erica; Joseph; fritzmikael's ghost, novice BaFi


Innate Abilities, Weirdness & Mutations

You cannot wear most types of armour.
You are very stealthy in the water. (Stealth+)
You are amphibious.
You can wear up to eight rings at the same time.
You can use your tentacles to constrict eight enemies at once.
Your skin changes colour to match your surroundings (Stealth+).
Your rubbery body absorbs attacks. (AC +1, EV +1)


Message History

The ice beast explodes!
The fiery explosion engulfs you!! You resist.
* * * LOW HITPOINT WARNING * * *
The fiery explosion engulfs the killer bee!!
The killer bee explodes!
The fiery explosion engulfs the killer bee!! x2
The fiery explosion engulfs the kobold!!
The kobold explodes!
The fiery explosion engulfs the kobold!!
You feel a bit more experienced.
The fiery explosion engulfs the kobold!
The kobold explodes!
The fiery explosion engulfs the kobold!!
The kobold explodes!
You feel a bit more experienced.
You hear an explosion!
The kobold explodes!
The fiery explosion engulfs the big kobold!!!
The big kobold explodes!
The killer bee explodes! x2
You are engulfed in blazing flames.
You resist.
You die...

+,,,,*,**,*,,*,*,********,,,,,,,,
*,,,,#,*#.#..,,*,**,,,,,,,,,*****
**,,*#.*#.#.###*,**,,,,,,,,,*,***
**+**,o##.#...,,,**,,,,,,,,,*,,,,
+,*****.o..o.,,,,,*,,,,,,,,,*,***
**+,,,*#o...,,,,,,*,,,,.,,,,,,***
,*,,,,,#...,,,,,,,*,,§..,,,*****,
,*,,,,,#..#########§§§..,,,*****,
,*,,,,,#.>.....5@○§§§§..,,,,,,,,,
,**,,,*#....#######§§§§.,,,*****,
*,****#.....# *,,§..,,,* *,
,,,,........# *,,,,.,,,* *,
*,,....5....# *******,,* *,
*,..........# **,* *,
*,..........# *,** *,
*,.....r....# *,,* *,
,,,,,,,,,,,,* **,** *,


You could see a shadow imp (inner flame).

Vanquished Creatures
  Edmund (D:4)
  An ice beast (D:7)
  A sky beast (D:3)
  An orc warrior (D:6)
  2 ogres
  A centaur (D:5)
  A phantom (D:6)
  A big kobold (D:7)
  A bullfrog (D:5)
  Blork the orc (D:5)
  3 killer bees (D:7)
  4 wights (D:5)
  4 electric eels (D:6)
  2 howler monkeys
  5 hounds
  A centaur skeleton (D:4)
  3 orc priests
  2 orc wizards
  3 iguanas (D:5)
  6 worker ants
  A hound skeleton (D:5)
  3 gnolls (D:6)
  6 adders
  2 river rats (D:4)
  2 white imps
  5 oozes
  An adder skeleton (D:2)
  7 worms
  A leopard gecko (D:5)
  13 orcs
  16 bats
  4 giant cockroaches
  8 goblins
  5 hobgoblins
  6 jackals
  5 quokkas
  4 ball pythons
  5 frilled lizards
  A jackal skeleton (D:4)
  A jackal zombie (D:5)
  9 kobolds
  5 rats
154 creatures vanquished.

Vanquished Creatures (others)
  13 plants (D:6)
13 creatures vanquished.

Grand Total: 167 creatures vanquished

Notes
Turn   | Place    | Note
-------+----------+-------------------------------------------
     0 | D:1      | Anonimiaus the Octopode Brigand began the quest for the
                  | Orb.
     0 | D:1      | Reached XP level 1. HP: 14/14 MP: 1/1
   320 | D:1      | Reached XP level 2. HP: 19/19 MP: 2/2
  1212 | D:2      | Found a sacrificial altar of Ru.
  1414 | D:2      | Reached XP level 3. HP: 19/25 MP: 3/3
  1907 | D:3      | Reached skill level 6 in Stealth
  2219 | D:3      | Noticed a sky beast
  2312 | D:3      | Reached XP level 4. HP: 24/30 MP: 4/4
  2542 | D:3      | Killed a sky beast
  2543 | D:3      | Reached XP level 5. HP: 36/36 MP: 5/5
  2797 | D:4      | Noticed Edmund
  2838 | D:4      | Noticed a phantom
  2840 | D:4      | Reached skill level 7 in Stealth
  3201 | D:4      | Reached XP level 6. HP: 43/43 MP: 6/6
  3345 | D:4      | Found a glowing drain.
  3356 | Sewer    | Entered a sewer
  4527 | D:4      | Found a glowing golden altar of the Shining One.
  4686 | D:4      | Killed Edmund
  4687 | D:4      | Reached skill level 8 in Stealth
  4687 | D:4      | Reached XP level 7. HP: 49/49 MP: 7/7
  4720 | D:5      | Entered Level 5 of the Dungeon
  4973 | D:5      | Found a shadowy altar of Dithmenos.
  5207 | D:5      | Reached skill level 1 in Evocations
  5449 | D:5      | Reached skill level 5 in Fighting
  5568 | D:5      | Found an ornate altar of the Wu Jian Council.
  5716 | D:5      | Noticed Blork the orc
  5735 | D:5      | Reached XP level 8. HP: 42/55 MP: 8/8
  5736 | D:5      | Killed Blork the orc
  5737 | D:5      | Reached skill level 9 in Stealth
  5740 | D:5      | Reached skill level 5 in Dodging
  5883 | D:5      | Found an ancient bone altar of Kikubaaqudgha.
  7092 | D:6      | Found a staircase to the Ecumenical Temple.
  7098 | Temple   | Entered the Ecumenical Temple
  7253 | Temple   | Became a worshipper of Uskayaw the Reveller
  7254 | Temple   | Reached skill level 12 in Stealth
  7254 | Temple   | Reached skill level 5 in Invocations
  7254 | Temple   | Reached XP level 9. HP: 66/66 MP: 8/13
  7309 | D:6      | Reached * piety under Uskayaw
  7311 | D:6      | Reached XP level 10. HP: 50/72 MP: 14/14
  7313 | D:6      | Reached ** piety under Uskayaw
  7315 | D:6      | Reached *** piety under Uskayaw
  7913 | D:6      | You fall into a shaft and drop 3 floors!
  7921 | D:8      | Noticed Erica
  7949 | D:8      | Noticed Joseph
  7977 | D:8      | Found a runed translucent door.
  7984 | D:8      | Found a shimmering altar of Xom.
  7984 | D:8      | Noticed fritzmikael's ghost (novice BaFi)
  8025 | D:7      | Engulfed by a cloud of flame

Illustrated notes

Levels and vault maps discovered:
D:1:      dpeg_arrival_erosion, layout_basic
D:2:      layout_loops_cross, nicolae_ru_awakened_eye
D:3:      layout_rooms, minmay_misc_feat_room
D:4:      layout_cave_pools, nicolae_tso_swordbearing_angel,
          portal_sewer_entry_a, uniq_edmund
D:5:      layout_cave_pods, kiku_gazebo_garden_becter,
          pdpol_wu_jian_five_deadly_venoms, nicolae_dithmenos_shadow_blocks,
          uniq_blork_the_orc
D:6:      layout_basic, minmay_temple_entry_enclosed_plants, serial_bayou_lake_a
D:7:      layout_basic, grunt_temple_overflow_open,
          nicolae_ossuary_entry_monument, minmay_joined_circles, uniq_duvessa,
          uniq_menkaure
D:8:      layout_rooms, ebering_ghost_xom, minmay_manual_mess, uniq_pikel,
          uniq_erica, uniq_joseph
D:9:      layout_basic, david_lair_shrubbed, hiddenorc2_lemuel,
          uniq_prince_ribbit1
Temple:   regret_index_temple_waves

Skill      XL: |  1  2  3  4  5  6  7  8  9 10 |
---------------+-------------------------------+-----
Dodging        | 2 3 4 7 8 |  8.0
Stealth        | 6 7 8 12 | 12.1
Fighting       | 3 4 5 8 |  8.2
Evocations     | 2 7 |  7.0
Invocations    | 5 |  5.6
Short Blades   | |  2.0
Throwing       | |  2.0

Action                   |  1- 3 |  4- 6 |  7- 9 | 10-12 || total
-------------------------+-------+-------+-------+-------++-------
Melee: Dagger            |    67 |    92 |   107 |    13 ||   279
       Constrict         |    12 |    22 |    29 |     4 ||    67
       Tentacles         |     7 |    17 |    33 |     4 ||    61
       Falchion          |       |       |    22 |    12 ||    34
Throw: Dart              |       |       |     1 |       ||     1
  Use: Scroll            |       |     7 |     1 |     4 ||    12
       Potion            |       |       |     2 |     1 ||     3
 Stab: Sleeping          |    15 |    20 |    19 |     2 ||    56
       Distracted        |       |       |     4 |       ||     4
       Paralysed         |       |       |       |     1 ||     1
Armor: Skin              |     6 |     4 |     1 |       ||    11
Dodge: Dodged            |    33 |    64 |    60 |    13 ||   170
Block: Other             |       |    22 |    22 |     2 ||    46
       Reflection        |       |       |     1 |       ||     1
       Rpst.: Falchion   |       |       |     4 |     2 ||     6

Table legend: (Time is in decaauts)
 A = Elapsed time spent in this place.
 B = Non-inter-level travel time spent in this place.
 C = Inter-level travel time spent in this place.
 D = Time resting spent in this place.
 E = Time spent auto-exploring this place.
 F = Levels seen in this place.
 G = Mean time per level.
                   A        B        C        D        E       F      G
               +--------+--------+--------+--------+--------+-----+--------+
         Total |   8000 |   7783 |    217 |   1573 |   4922 |  11 |  727.3 |
       Dungeon |   7109 |   6952 |    157 |   1303 |   4519 |   9 |  789.9 |
        Temple |    194 |    134 |     60 |      0 |    131 |   1 |  194.0 |
         Sewer |    696 |    696 |      0 |    270 |    272 |   1 |  696.0 |
               +--------+--------+--------+--------+--------+-----+--------+

Top non-repeatable levels by time:
     D:5: 1606 daAuts
     D:6: 1384 daAuts
     D:4: 1131 daAuts
     D:3: 1085 daAuts
     D:1: 960 daAuts
     D:2: 829 daAuts
   Sewer: 696 daAuts
  Temple: 194 daAuts
     D:8: 90 daAuts
     D:7: 16 daAuts
     D:9: 4 daAuts
